TOP OF THE 1ST |
Yellowknife Dragonblood batting - Pitching for Athletic Club KC U-21 : RHP Salvador Sagastizabal
|
Pitching: RHP Salvador Sagastizabal
|
|
Batting: SHB Miklos Elias
|
0-0: Ball 1-0: Ball 2-0: Ball 3-0: Called Strike 3-1: Foul Ball, location: 2F 3-2: Ground out U3 (Groundball, 34)
|
Batting: RHB Bill Boyd
|
0-0: DOUBLE (Line Drive, 78M)
|
Batting: RHB Craig Greene
|
0-0: DOUBLE (Line Drive, 7LM) Bill Boyd scores
|
Batting: LHB Takahiro Suzuki
|
0-0: Ball 1-0: Ball 2-0: Ball 3-0: Called Strike 3-1: Fly out, F8 (Flyball, 8LD)
|
Batting: RHB Orlando Moruga
|
0-0: Ball 1-0: Foul Ball, location: 2F 1-1: Ball Wild Pitch! Craig Greene to third 2-1: Swinging Strike 2-2: Ball 3-2: Foul Ball, location: 2F 3-2: Ground out 4-3 (Groundball, 4MS)
|
Top of the 1st over - 1 run, 2 hits, 0 errors, 1 left on base; Yellowknife 1 - Athletic Club KC 0 |
BOTTOM OF THE 1ST |
Athletic Club KC U-21 batting - Pitching for Yellowknife Dragonblood : RHP Kazuchika Okada
|
Pitching: RHP Kazuchika Okada
|
|
Batting: RHB Mario Truxillo
|
0-0: Ball 1-0: Bunted foul 1-1: Ground out 6-3 (Groundball, 56)
|
Batting: RHB Gabriel Camparán
|
0-0: Ball 1-0: Called Strike 1-1: Hit by Pitch
|
Batting: RHB José Hernández
|
0-0: Ball Gabriel Camparán is caught stealing 2nd base 1-0: Ball 2-0: Reached on error, E6 (Groundball, 6)
|
Batting: RHB Jihan Tuah
|
0-0: Ball 1-0: Foul Ball, location: 2F 1-1: Foul Ball, location: 2F 1-2: Strikes out looking
|
Bottom of the 1st over - 0 runs, 0 hits, 1 error, 1 left on base; Yellowknife 1 - Athletic Club KC 0 |
TOP OF THE 2ND |
Yellowknife Dragonblood batting - Pitching for Athletic Club KC U-21 : RHP Salvador Sagastizabal
|
Batting: RHB Melvin Thomas
|
0-0: Foul Ball, location: 2F 0-1: Ball 1-1: Ball 2-1: Ball 3-1: Called Strike 3-2: Ground out 6-3 (Groundball, 6)
|
Batting: SHB Gerrie Bond
|
0-0: Fly out, F4 (Line Drive, 4MD)
|
Batting: SHB José García
|
0-0: Called Strike 0-1: Swinging Strike 0-2: Ball 1-2: Strikes out swinging
|
Top of the 2nd over - 0 runs, 0 hits, 0 errors, 0 left on base; Yellowknife 1 - Athletic Club KC 0 |
BOTTOM OF THE 2ND |
Athletic Club KC U-21 batting - Pitching for Yellowknife Dragonblood : RHP Kazuchika Okada
|
Batting: RHB Andy Roarick
|
0-0: Fly out, F9 (Flyball, 9)
|
Batting: RHB Bing-zhong Wu
|
0-0: Ball 1-0: Called Strike 1-1: Foul Ball, location: 2F 1-2: Ball 2-2: Foul Ball, location: 2F 2-2: Fly out, F5 (Popup, 56S)
|
Batting: RHB Bobby McFillin
|
0-0: Swinging Strike 0-1: Swinging Strike 0-2: Ball 1-2: Strikes out swinging
|
Bottom of the 2nd over - 0 runs, 0 hits, 0 errors, 0 left on base; Yellowknife 1 - Athletic Club KC 0 |
TOP OF THE 3RD |
Yellowknife Dragonblood batting - Pitching for Athletic Club KC U-21 : RHP Salvador Sagastizabal
|
Batting: RHB Fernando González
|
0-0: Ball 1-0: Swinging Strike 1-1: Fly out, F5 (Line Drive, 5)
|
Batting: SHB Miklos Elias
|
0-0: Foul Ball, location: 2F 0-1: Ball 1-1: Ball 2-1: Ball 3-1: Base on Balls
|
Batting: RHB Bill Boyd
|
0-0: Ball Wild Pitch! Miklos Elias to second 1-0: Foul Ball, location: 2F 1-1: Ground out 4-3 (Groundball, 4S) Miklos Elias to third
|
Batting: RHB Craig Greene
|
0-0: Ball 1-0: Swinging Strike 1-1: Called Strike 1-2: Foul Ball, location: 2F 1-2: Ball 2-2: Foul Ball, location: 2F 2-2: Foul Ball, location: 2F 2-2: Ball 3-2: Foul Ball, location: 2F 3-2: Fly out, F3 (Popup, 3S)
|
Top of the 3rd over - 0 runs, 0 hits, 0 errors, 1 left on base; Yellowknife 1 - Athletic Club KC 0 |
BOTTOM OF THE 3RD |
Athletic Club KC U-21 batting - Pitching for Yellowknife Dragonblood : RHP Kazuchika Okada
|
Batting: RHB José Torres
|
0-0: Ground out 1-3 (Groundball, 13)
|
Batting: RHB Juan Jose Rangel
|
0-0: Called Strike 0-1: DOUBLE (Flyball, 8RXD)
|
Batting: RHB Mario Truxillo
|
0-0: Ball 1-0: TRIPLE (Flyball, 89XD) Juan Jose Rangel scores
|
Batting: RHB Gabriel Camparán
|
0-0: SINGLE (Line Drive, 3D) Mario Truxillo scores
|
Batting: RHB José Hernández
|
0-0: Foul Ball, location: 2F 0-1: Ball 1-1: Foul Ball, location: 2F 1-2: Ball 2-2: Grounds into double play, 4-6-3 (Groundball, 4)
|
Bottom of the 3rd over - 2 runs, 3 hits, 0 errors, 0 left on base; Yellowknife 1 - Athletic Club KC 2 |
TOP OF THE 4TH |
Yellowknife Dragonblood batting - Pitching for Athletic Club KC U-21 : RHP Salvador Sagastizabal
|
Batting: LHB Takahiro Suzuki
|
0-0: Called Strike 0-1: Fly out, F3 (Line Drive, 3S)
|
Batting: RHB Orlando Moruga
|
0-0: Ball 1-0: Foul Ball, location: 2F 1-1: Fly out, F4 (Popup, 4D)
|
Batting: RHB Melvin Thomas
|
0-0: Ball 1-0: Ball 2-0: Called Strike 2-1: Foul Ball, location: 2F 2-2: Foul Ball, location: 2F 2-2: Strikes out swinging
|
Top of the 4th over - 0 runs, 0 hits, 0 errors, 0 left on base; Yellowknife 1 - Athletic Club KC 2 |
BOTTOM OF THE 4TH |
Athletic Club KC U-21 batting - Pitching for Yellowknife Dragonblood : RHP Kazuchika Okada
|
Batting: RHB Jihan Tuah
|
0-0: Swinging Strike 0-1: Foul Ball, location: 2F 0-2: Foul Ball, location: 2F 0-2: Ball 1-2: Ground out 5-3 (Groundball, 5)
|
Batting: RHB Andy Roarick
|
0-0: Called Strike 0-1: Ball 1-1: Called Strike 1-2: Fly out, F8 (Flyball, 8LD)
|
Batting: RHB Bing-zhong Wu
|
0-0: Called Strike 0-1: Swinging Strike 0-2: Strikes out swinging
|
Bottom of the 4th over - 0 runs, 0 hits, 0 errors, 0 left on base; Yellowknife 1 - Athletic Club KC 2 |
TOP OF THE 5TH |
Yellowknife Dragonblood batting - Pitching for Athletic Club KC U-21 : RHP Salvador Sagastizabal
|
Batting: SHB Gerrie Bond
|
0-0: Called Strike 0-1: Called Strike 0-2: Ball 1-2: Ball 2-2: DOUBLE (Line Drive, 7D)
|
Batting: SHB José García
|
0-0: Called Strike 0-1: Foul Ball, location: 2F 0-2: Ball 1-2: Foul Ball, location: 2F 1-2: Fly out, F7 (Flyball, 78D)
|
Batting: RHB Fernando González
|
0-0: Ball 1-0: Called Strike 1-1: Called Strike 1-2: Ball 2-2: SINGLE (Groundball, 56D) Gerrie Bond to third Runner from 3rd tries for Home, SAFE, no throw
|
Batting: SHB Miklos Elias
|
0-0: Ball 1-0: Ball 2-0: Foul Ball, location: 2F 2-1: Swinging Strike 2-2: SINGLE (Groundball, 6MD) Fernando González to second
|
Batting: RHB Bill Boyd
|
0-0: Foul Ball, location: 2F 0-1: Fly out, F1 (Popup, P)
|
Batting: RHB Craig Greene
|
0-0: Ball 1-0: Fly out, F8 (Flyball, 8LM)
|
Top of the 5th over - 1 run, 3 hits, 0 errors, 2 left on base; Yellowknife 2 - Athletic Club KC 2 |
BOTTOM OF THE 5TH |
Athletic Club KC U-21 batting - Pitching for Yellowknife Dragonblood : RHP Kazuchika Okada
|
Batting: RHB Bobby McFillin
|
0-0: Ball 1-0: Ball 2-0: Ground out 4-3 (Groundball, 34)
|
Batting: RHB José Torres
|
0-0: Ball 1-0: Swinging Strike 1-1: Ball 2-1: Foul Ball, location: 2F 2-2: Ball 3-2: Base on Balls
|
Batting: RHB Juan Jose Rangel
|
0-0: Ball 1-0: Ground out 6-3 (Groundball, 6S) José Torres to second
|
Batting: RHB Mario Truxillo
|
0-0: Called Strike 0-1: Ball 1-1: Called Strike 1-2: Foul Ball, location: 2F 1-2: Foul Ball, location: 2F 1-2: Strikes out swinging
|
Bottom of the 5th over - 0 runs, 0 hits, 0 errors, 1 left on base; Yellowknife 2 - Athletic Club KC 2 |
TOP OF THE 6TH |
Yellowknife Dragonblood batting - Pitching for Athletic Club KC U-21 : RHP Salvador Sagastizabal
|
Batting: LHB Takahiro Suzuki
|
0-0: Ball 1-0: Ball 2-0: Ball 3-0: Called Strike 3-1: SINGLE (Line Drive, 8RS)
|
Pitching: RHP Stan Burgemeester
|
|
Batting: RHB Orlando Moruga
|
0-0: Ball 1-0: Ball 2-0: Ball 3-0: Base on Balls Takahiro Suzuki to second
|
Batting: RHB Melvin Thomas
|
0-0: SINGLE (Flyball, 78S) Takahiro Suzuki to third Orlando Moruga to second Runner from 3rd tries for Home, SAFE, no throw
|
Batting: SHB Gerrie Bond
|
0-0: Ball 1-0: Called Strike 1-1: Foul Ball, location: 2F 1-2: Foul Ball, location: 2F 1-2: Strikes out looking
|
Batting: SHB José García
|
0-0: Called Strike 0-1: Ball 1-1: Ball 2-1: Foul Ball, location: 2F 2-2: Foul Ball, location: 2F 2-2: Strikes out looking
|
Batting: RHB Fernando González
|
0-0: Foul Ball, location: 2F 0-1: Ground out 4-3 (Groundball, 4M)
|
Top of the 6th over - 1 run, 2 hits, 0 errors, 2 left on base; Yellowknife 3 - Athletic Club KC 2 |
BOTTOM OF THE 6TH |
Athletic Club KC U-21 batting - Pitching for Yellowknife Dragonblood : RHP Kazuchika Okada
|
Batting: RHB Gabriel Camparán
|
0-0: Called Strike 0-1: Ball 1-1: Ball 2-1: Called Strike 2-2: Strikes out swinging
|
Batting: RHB José Hernández
|
0-0: Ball 1-0: Ball 2-0: SINGLE (Line Drive, 6MD)
|
Batting: RHB Jihan Tuah
|
0-0: Ball 1-0: Ball 2-0: Foul Ball, location: 2F 2-1: Ball 3-1: Called Strike 3-2: Base on Balls José Hernández to second
|
Batting: RHB Andy Roarick
|
0-0: Ground out 6-3 (Groundball, 6S) José Hernández to third Jihan Tuah to second
|
Batting: RHB Bing-zhong Wu
|
0-0: Ball 1-0: Ball 2-0: Called Strike 2-1: Foul Ball, location: 2F 2-2: Hit by Pitch
|
Batting: RHB Bobby McFillin
|
0-0: Ball 1-0: Foul Ball, location: 2F 1-1: Ball 2-1: Ball 3-1: Foul Ball, location: 2F 3-2: Fly out, F4 (Popup, 34D)
|
Bottom of the 6th over - 0 runs, 1 hit, 0 errors, 3 left on base; Yellowknife 3 - Athletic Club KC 2 |
TOP OF THE 7TH |
Yellowknife Dragonblood batting - Pitching for Athletic Club KC U-21 : RHP Stan Burgemeester
|
Batting: SHB Miklos Elias
|
0-0: Foul Ball, location: 2F 0-1: Foul Ball, location: 2F 0-2: Ball 1-2: Ground out U3 (Groundball, 34)
|
Batting: RHB Bill Boyd
|
0-0: Foul Ball, location: 2F 0-1: Ball 1-1: Swinging Strike 1-2: TRIPLE (Line Drive, 78XD)
|
Batting: RHB Craig Greene
|
0-0: Fly out, F7 (Flyball, 78S) Runner from 3rd tags up, SCORES, no throw
|
Batting: LHB Takahiro Suzuki
|
0-0: Called Strike 0-1: Foul Ball, location: 2F 0-2: Ball 1-2: Ball 2-2: Foul Ball, location: 2F 2-2: Ball 3-2: Base on Balls
|
Batting: RHB Orlando Moruga
|
0-0: Ball 1-0: Swinging Strike 1-1: Ball 2-1: Ball 3-1: Ground out 5-3 (Groundball, 56S)
|
Top of the 7th over - 1 run, 1 hit, 0 errors, 1 left on base; Yellowknife 4 - Athletic Club KC 2 |
BOTTOM OF THE 7TH |
Athletic Club KC U-21 batting - Pitching for Yellowknife Dragonblood : RHP Kazuchika Okada
|
Pitching: RHP Santtu Öunap
|
|
Batting: RHB José Torres
|
0-0: Foul Ball, location: 2F 0-1: Ground out 6-3 (Groundball, 6)
|
Batting: RHB Juan Jose Rangel
|
0-0: Ball 1-0: Called Strike 1-1: Fly out, F7 (Flyball, 7S)
|
Batting: RHB Mario Truxillo
|
0-0: Ball 1-0: Foul Ball, location: 2F 1-1: SINGLE (Flyball, 34D)
|
Pitching: RHP Wilson Valenzuela
|
|
Batting: RHB Gabriel Camparán
|
0-0: Ground out 5-3 (Groundball, 56S)
|
Bottom of the 7th over - 0 runs, 1 hit, 0 errors, 1 left on base; Yellowknife 4 - Athletic Club KC 2 |
TOP OF THE 8TH |
Yellowknife Dragonblood batting - Pitching for Athletic Club KC U-21 : RHP Stan Burgemeester
|
Batting: RHB Melvin Thomas
|
0-0: Swinging Strike 0-1: Ball 1-1: Ball 2-1: Foul Ball, location: 2F 2-2: Ball 3-2: Strikes out swinging
|
Batting: SHB Gerrie Bond
|
0-0: Ball 1-0: Called Strike 1-1: Fly out, F7 (Flyball, 7)
|
Batting: SHB José García
|
0-0: Called Strike 0-1: Foul Ball, location: 2F 0-2: Ball 1-2: Ground out 6-3 (Groundball, 56)
|
Top of the 8th over - 0 runs, 0 hits, 0 errors, 0 left on base; Yellowknife 4 - Athletic Club KC 2 |
BOTTOM OF THE 8TH |
Athletic Club KC U-21 batting - Pitching for Yellowknife Dragonblood : RHP Wilson Valenzuela
|
Batting: RHB José Hernández
|
0-0: Ball 1-0: Ball 2-0: SINGLE (Line Drive, 8LS)
|
Batting: RHB Jihan Tuah
|
0-0: Called Strike 0-1: Called Strike 0-2: Strikes out swinging
|
Batting: RHB Andy Roarick
|
0-0: Ball 1-0: Ball 2-0: Ball 3-0: Base on Balls José Hernández to second
|
Pitching: RHP Joy-shan Men
|
|
Batting: RHB Bing-zhong Wu
|
0-0: Ball 1-0: Foul Ball, location: 2F 1-1: Foul Ball, location: 2F 1-2: SINGLE (Groundball, 6MD) José Hernández to third Andy Roarick to second Runner from 3rd tries for Home, SAFE, no throw
|
Batting: RHB Bobby McFillin
|
0-0: SINGLE (Flyball, 8RS) Andy Roarick to third Bing-zhong Wu to second Runner from 3rd tries for Home, SAFE, no throw
|
Batting: RHB José Torres
|
0-0: Foul Ball, location: 2F 0-1: Ball 1-1: Swinging Strike 1-2: Foul Ball, location: 2F 1-2: Strikes out looking
|
Pinch Hitting: RHB Ted Hansen
|
0-0: Ball 1-0: Ball 2-0: Foul Ball, location: 2F 2-1: 3-RUN HOME RUN (Flyball, 7D), Distance : 380 ft
|
Batting: RHB Mario Truxillo
|
0-0: Fly out, F7 (Flyball, 7)
|
Bottom of the 8th over - 5 runs, 4 hits, 0 errors, 0 left on base; Yellowknife 4 - Athletic Club KC 7 |
TOP OF THE 9TH |
Yellowknife Dragonblood batting - Pitching for Athletic Club KC U-21 : RHP Stan Burgemeester
|
Now at C: José García
|
|
Now in RF: Fu Chen
|
|
Batting: RHB Fernando González
|
0-0: Foul Ball, location: 2F 0-1: Fly out, F3 (Popup, 34)
|
Batting: SHB Miklos Elias
|
0-0: Called Strike 0-1: Foul Ball, location: 2F 0-2: Ball 1-2: Ball 2-2: Ball 3-2: Strikes out looking
|
Batting: RHB Bill Boyd
|
0-0: Ball 1-0: SINGLE (Line Drive, 4D)
|
Pitching: RHP Taalay Ibragimov
|
|
Batting: RHB Craig Greene
|
0-0: Ball 1-0: Swinging Strike 1-1: Swinging Strike 1-2: Strikes out looking
|
Top of the 9th over - 0 runs, 1 hit, 0 errors, 1 left on base; Yellowknife 4 - Athletic Club KC 7 |
|